 Dungeon Crawl Stone Soup version 0.27.1-34-g3ba077fa99 (webtiles) character file.

Game seed: 1318880366459914930

1 Atelerd the Digger (level 1, 0/11 HPs)
             Began as an Octopode Earth Elementalist on Jan 9, 2022.
             Slain by a gnoll (4 damage)
             ... on level 1 of the Dungeon.
             The game lasted 00:00:36 (347 turns).

Atelerd the Digger (Octopode Earth Elementalist)     Turns: 347, Time: 00:00:36

Health: 0/11       AC:  1    Str:  7    XL:     1   Next: 20%
Magic:  0/3        EV: 13    Int: 17    God:
Gold:   12         SH:  0    Dex: 18    Spells: 3/4 levels left

rFire    . . .     SeeInvis .   c - +0 short sword
rCold    . . .     Faith    .   (no shield)
rNeg     . . .     Spirit   .   (helmet restricted)
rPois    .         Reflect  .   (no amulet)
rElec    .         Harm     .   g - +6 ring of dexterity
rCorr    .         Rampage  .   (no ring)
Will     .....                  (no ring)
Stlth    +++.......             (no ring)
HPRegen  0.03/turn              (no ring)
MPRegen  0.08/turn              (no ring)
                                (no ring)
                                (no ring)

@: no status effects
A: almost no armour, amphibious, 8 rings, camouflage 1, gelatinous body 1,
(nimble swimmer 1), tentacles
a: no special abilities


You were on level 1 of the Dungeon.
You visited 1 branch of the dungeon, and saw 1 of its levels.

You collected 12 gold pieces.

Inventory:

Hand Weapons
 c - a +0 short sword (weapon)
Missiles
 b - 25 stones
Jewellery
 g - a +6 ring of dexterity (left tentacle)
Scrolls
 a - a scroll of fog {unknown}
 d - a scroll of identify {unknown}
Potions
 e - a potion of degeneration {unknown}
 f - a potion of might {unknown}


   Skills:
 - Level 2.0 Dodging
 - Level 2.6 Stealth
 + Level 2.0 Spellcasting
 + Level 1.0 Transmutations
 + Level 3.0 Earth Magic


You had 3 spell levels left.
You knew the following spells:

 Your Spells              Type           Power      Damage    Failure   Level
a - Sandblast             Erth           24%        2d8       5%          1

Your spell library contained the following spells:

 Spells                   Type           Power      Damage    Failure   Level
 Passwall                 Tmut/Erth      6%         N/A       13%         2
 Slow                     Hex            1%         N/A       28%         2
 Stone Arrow              Conj/Erth      12%        3d7       30%         3
 Confusing Touch          Hex            1%         N/A       50%         3
 Ozocubu's Armour         Ice            1%         N/A       50%         3
 Petrify                  Tmut/Erth      8%         N/A       63%         4
 Yara's Violent Unravell  Hex/Tmut       1%         3d3       99%         5
 Ozocubu's Refrigeration  Ice            0%         4d5       100%        7


Dungeon Overview and Level Annotations

Branches:
Dungeon (1/15)

Altars:


Innate Abilities, Weirdness & Mutations

You cannot wear most types of armour.
You are amphibious.
You can wear up to eight rings at the same time.
Your skin changes colour to match your surroundings (Stealth+).
Your rubbery body absorbs attacks. (AC +1, EV +1)
((You are camouflaged near water. (Stealth+)))
You have tentacles for arms and can constrict up to eight enemies at once.


Message History

Found 12 gold pieces.
No target in view!
You can't see any susceptible monsters within range! (Use Z to cast anyway.)
You feel agile.
g - a +6 ring of dexterity (left tentacle)
You can't see any susceptible monsters within range! (Use Z to cast anyway.)
You pick up a book of Misfortune and begin reading...
You add the spells Slow, Confusing Touch and Yara's Violent Unravelling to your library.
You now have 12 gold pieces.
There is a stone staircase leading down here.
A gnoll comes into view. It is wielding a +0 spear.
A gnoll is nearby!
A gnoll is nearby!
Okay, then.
The gnoll shouts!
You can't see any susceptible monsters within range! (Use Z to cast anyway.)
The blast of sand misses the gnoll.
The blast of sand hits the gnoll!
The gnoll is heavily wounded.
You miscast Sandblast.
You are very lightly contaminated with residual magic.
Nothing appears to happen.
The gnoll hits you from afar with a +0 spear.
You are too depleted to draw on your mana recklessly!
You are too depleted to draw on your mana recklessly!
Your magical contamination has completely faded away.
The blast of sand hits the gnoll but does no damage.
The gnoll is heavily wounded.
The gnoll hits you from afar with a +0 spear.
You are too depleted to draw on your mana recklessly!
You are too depleted to draw on your mana recklessly!
You are too depleted to draw on your mana recklessly!
The gnoll misses you.
You hit the gnoll. Your grab misses the gnoll. Your squeeze misses the gnoll.
The gnoll is severely wounded.
The gnoll hits you with a +0 spear.
You hit the gnoll but do no damage. Your grab misses the gnoll.
The gnoll is severely wounded.
The gnoll hits you with a +0 spear.
You die...

# # # ### # #.. # #.####### ### #
###### #.#.....# ..#+ #####....#
#.#.###.# ###... .........#
#@#†###.# ###.#... ...##....#
#g#...#.# ...#... ....+....#
#.#...#.#####.#... #.#.#....#
#.#.............#+
#.#.#....#######.#####.#.........
#.#...........................>#.
#.#.#.#.#.####.###.....#.........
#.#.#.#.#.#..............#...####
#.......#..............#.#...#


You could see a gnoll.

Vanquished Creatures
  A ball python (D:1)
  A frilled lizard (D:1)
2 creatures vanquished.

Notes
Turn   | Place    | Note
-------+----------+-------------------------------------------
     0 | D:1      | Atelerd the Octopode Earth Elementalist began the quest for
                  | the Orb.
     0 | D:1      | Reached XP level 1. HP: 11/11 MP: 3/3
   347 | D:1      | Slain by a gnoll

Illustrated notes

Levels and vault maps discovered:
D:1:      lemuel_arrival_hallway, layout_basic,
          dreamdust_ecumenical_altar_grove, grunt_decor_fettered

Action                   || total
-------------------------++-------
Melee: Short sword       ||     2
 Cast: Sandblast         ||     5
Dodge: Dodged            ||     1
